 Dungeon Sprint DCSS version 0.29.1-13-g9f3cf754e1 (webtiles) character file.

Game seed: 3035653738762694970

104 sircluck the Shield-Bearer (level 4, -6/49 HPs)
             Began as a Troll Fighter on Jan 25, 2023.
             Mangled by Sigmund
             ... wielding a +2 vampiric scythe
              (11 damage)
             ... in the Dungeon (Sprint I: "Red Sonja").
             The game lasted 00:01:46 (77 turns).

sircluck the Shield-Bearer (Troll Fighter)            Turns: 77, Time: 00:01:47

Health: -6/49      AC:  4    Str: 26    XL:     4   Next: 52%
Magic:  3/3        EV: 10    Int:  4    God:
Gold:   0          SH:  0    Dex:  9    Spells: 3/3 levels left

rFire   . . .      SeeInvis .   h - +0 giant spiked club
rCold   . . .      Faith    .   (shield currently unavailable)
rNeg    . . .      Spirit   .   a - +0 robe
rPois   .          Reflect  .   (helmet restricted)
rElec   .          Harm     .   (no cloak)
rCorr   .          Rampage  .   (gloves unavailable)
Will    .....      NoTele   +   (boots unavailable)
Stlth   +.........              (no amulet)
HPRegen 0.96/turn               (no ring)
MPRegen 0.08/turn               (no ring)

@: confused
A: large, unfitting armour, claws 3, regeneration 1, shaggy fur 1, tough skin 1
a: no special abilities


You were in the Dungeon.
You visited 1 branch

Inventory:

Hand Weapons
 h - a +0 giant spiked club (weapon)
Armour
 a - a +0 robe (worn)
 b - a +0 kite shield
Scrolls
 i - a scroll of blinking
Potions
 c - a potion of might
 d - a potion of curing
 e - a potion of heal wounds
 f - a potion of haste
 g - 2 potions of magic
 j - a potion of cancellation {unknown}


   Skills:
 + Level 4.7 Fighting
 + Level 4.8 Dodging
 + Level 5.0 Shields
 + Level 3.7 Unarmed Combat


You had 3 spell levels left.
You didn't know any spells.
Your spell library was empty.

Dungeon Overview and Level Annotations

Branches:
Dungeon (1/1)

Altars:

Annotations:
D Sigmund


Innate Abilities, Weirdness & Mutations

You are too large for most types of armour.
You have claws for hands.
Your natural rate of healing is unusually fast.
You are covered in fur. (AC +1)
You have tough skin. (AC +1)


Message History

Sigmund closely misses you.
You barely miss Sigmund.
Sigmund is moderately wounded.
Sigmund giggles. "Time to reap what you sow."
Sigmund hits you with a +2 vampiric scythe!
* * * LOW HITPOINT WARNING * * *
Sigmund hits you with a +2 vampiric scythe!
* * * LOW HITPOINT WARNING * * *
Sigmund draws strength from your wounds!
You bump into the closed door.
You're too confused to move!
Sigmund hits you with a +2 vampiric scythe.
* * * LOW HITPOINT WARNING * * *
Unknown command.
You bump into the rock wall.
You feel less confused. Sigmund closely misses you.
Unknown command.
You barely miss Sigmund.
Sigmund is moderately wounded.
Sigmund says, "Your kind have come here before.
I understand now why.
You desire death..."
Sigmund hits you with a +2 vampiric scythe.
* * * LOW HITPOINT WARNING * * *
Unknown command.
You are too injured to fight recklessly!
You are too injured to fight recklessly!
You are too injured to fight recklessly!
You are too injured to fight recklessly!
You are too injured to fight recklessly!
You are too injured to fight recklessly!
You are too injured to fight recklessly!
You barely miss Sigmund.
Sigmund is moderately wounded.
You recover from your berserk rage.
Sigmund points at you and mumbles some strange words.
You are confused.
You barely miss Sigmund.
Sigmund is moderately wounded.
Sigmund hits you with a +2 vampiric scythe!
You die...

#############
#<.#..'..#..+
#..†).#..@@.#
#..#####+####
#..# #..#
#..# #⌠⌠#
####


You could see Sigmund.

Vanquished Creatures
  An ogre (D)
  Ijyb (D)
2 creatures vanquished.

Notes
Turn   | Place    | Note
-------+----------+-------------------------------------------
     0 | D        | sircluck the Troll Fighter began the quest for the Orb.
     0 | D        | Reached XP level 1. HP: 22/22 MP: 0/0
     2 | D        | Noticed Ijyb
     3 | D        | Paralysed by Ijyb for 2 turns
     9 | D        | Paralysed by Ijyb for 2 turns
    14 | D        | Paralysed by Ijyb for 4 turns
    22 | D        | Killed Ijyb
    23 | D        | Reached skill level 3 in Shields
    23 | D        | Reached XP level 2. HP: 31/31 MP: 1/1
    27 | D        | Noticed an ogre
    38 | D        | Killed an ogre
    39 | D        | Reached skill level 5 in Shields
    39 | D        | Reached XP level 3. HP: 40/40 MP: 2/2
    39 | D        | Reached XP level 4. HP: 49/49 MP: 3/3
    56 | D        | Noticed Sigmund
    75 | D        | HP: 2/49 [Sigmund/+2 vampiric scythe (5)]
    77 | D        | Mangled by Sigmund

Illustrated notes

Levels and vault maps discovered:
D:        dungeon_sprint_1 [red_sonja_temple_1, red_sonja_temple_small_1]

Skill      XL: |  1  2 |
---------------+-------+-----
Fighting       | 3 4 |  4.7
Dodging        | 3 4 |  4.8
Shields        | 3 5 |  5.0
Unarmed Combat | 3 |  3.7

Action                   |  1- 3 |  4- 6 || total
-------------------------+-------+-------++-------
Melee: Unarmed           |    20 |       ||    20
       Giant spiked club |       |    16 ||    16
  Use: Potion            |     1 |       ||     1
Armor: Robe              |     3 |       ||     3
Dodge: Dodged            |     2 |    11 ||    13
Block: Kite shield       |     5 |       ||     5
